 Dungeon Crawl Stone Soup version 0.23-b1 (webtiles) character file.

Game seed: 2739944814329291247

358 H0rd4k the Charlatan (level 6, -1/46 HPs)
             Began as a Human Artificer on Jan 31, 2019.
             Slain by a slave (6 damage)
             ... led by Pikel
             ... on level 6 of the Dungeon.
             The game lasted 00:07:33 (3840 turns).

H0rd4k the Charlatan (Human Artificer)              Turns: 3840, Time: 00:07:34

Health: -1/46      AC:  3    Str: 14    XL:     6   Next: 97%
Magic:  8/8        EV: 13    Int: 11    God:
Gold:   146        SH:  0    Dex: 14    Spells: 5/5 levels left

rFire    . . .     SeeInvis .   a - +0 short sword
rCold    . . .     Gourm    .   (no shield)
rNeg     . . .     Faith    .   b - +0 leather armour
rPois    .         Spirit   .   (no helmet)
rElec    .         Reflect  .   (no cloak)
rCorr    .         Harm     .   (no gloves)
MR       .....                  (no boots)
Stlth    ++........             (no amulet)
HPRegen  0.15/turn              (no ring)
MPRegen  0.11/turn              (no ring)

@: no status effects
A: no striking features
a: no special abilities


You were on level 6 of the Dungeon.
You were not hungry.

You visited 1 branch of the dungeon, and saw 6 of its levels.

You collected 146 gold pieces.

Inventory:

Hand Weapons
 a - a +0 short sword (weapon)
 m - a +1 glaive of venom
 v - a +0 long sword
 w - a +0 hunting sling
Missiles
 p - 20 bolts
 q - 22 sling bullets
 s - 54 arrows
Armour
 b - a +0 leather armour (worn)
Jewellery
 r - a +2 ring of dexterity {unknown}
Wands
 d - a wand of enslavement (15)
 e - a wand of random effects (1)
Scrolls
 g - 3 scrolls of identify {unknown}
 i - a scroll of immolation {unknown}
 l - 2 scrolls of amnesia {unknown}
 o - 2 scrolls of remove curse {unknown}
 x - a scroll of teleportation {unknown}
 y - 2 scrolls of fog {unknown}
Potions
 h - a potion of flight
 n - a potion of cancellation
 u - 2 potions of heal wounds {unknown}
Comestibles
 f - 2 rations


   Skills:
 + Level 2.4 Fighting
 + Level 3.2 Short Blades
 + Level 1.0 Polearms
 + Level 2.6 Armour
 + Level 3.0 Dodging
 + Level 2.5 Stealth
 + Level 3.6 Evocations


You had 5 spell levels left.
You didn't know any spells.
Your spell library was empty.

Dungeon Overview and Level Annotations

Branches:
Dungeon (6/15)
 Temple: D:4-7

Altars:
Dithmenos
Zin

Shops:
D:5 *

Annotations:
D:3 2 transporters, exclusions: downstairs and 1 more exclusion
D:5 exclusion: upstairs, Pikel


Message History

Press: ? - help, Shift-Dir - straight line, f - slave
Aim: a slave, wearing a +0 animal skin (lightly wounded)
The mass of ice explodes!
The iceblast engulfs the slave!
The slave is severely wounded.
The iceblast engulfs you!
* * * LOW HITPOINT WARNING * * *
The slave closely misses you.
You barely miss the slave.
The slave is severely wounded.
The slave barely misses you. The crimson imp spits at you.
The crimson imp blinks!
Found a stone staircase leading up.
Found 19 stones.
Found a ration.
Found a stone staircase leading up.
Found a murky pink potion.
A bullfrog skeleton comes into view.
There is a stone staircase leading up here.
The slave hits you.
You die...

#. ..# ...
#.####..##...
##.....Z.....!
.#.............
....<..........
...............
.......(.......
#.....@.......
.##....p...#.#.
..%..........#
#####.......##
#.......#
##.....##
##...## #.#.#
#.#.#


You could see a slave and a bullfrog skeleton (wandering).

Vanquished Creatures
  An ogre (D:4)
  A water moccasin zombie (D:5)
  A hound (D:5)
  A centaur skeleton (D:4)
  Jessica (D:3)
  Robin (D:3)
  5 adders
  An ooze (D:1)
  An adder zombie (D:5)
  A worm (D:5)
  2 dart slugs
  4 orcs
  4 ball pythons
  4 giant cockroaches
  10 goblins
  4 hobgoblins
  9 jackals
  A quokka (D:2)
  A bat (D:1)
  6 frilled lizards
  3 kobolds
  6 rats
68 creatures vanquished.

Vanquished Creatures (others)
  5 plants (D:3)
5 creatures vanquished.

Grand Total: 73 creatures vanquished

Notes
Turn   | Place    | Note
-------+----------+-------------------------------------------
     0 | D:1      | H0rd4k the Human Artificer began the quest for the Orb.
     0 | D:1      | Reached XP level 1. HP: 15/15 MP: 3/3
    91 | D:1      | Reached XP level 2. HP: 18/21 MP: 4/4
   714 | D:2      | Reached XP level 3. HP: 24/27 MP: 5/5
  1038 | D:2      | Found a shadowy altar of Dithmenos.
  1049 | D:2      | Reached skill level 1 in Armour
  1049 | D:2      | Reached XP level 4. HP: 16/33 MP: 6/6
  1340 | D:2      | Reached skill level 1 in Polearms
  2068 | D:3      | Found a transporter.
  2105 | D:3      | Found a transporter.
  2131 | D:3      | Noticed Jessica
  2133 | D:3      | Killed Jessica
  2133 | D:3      | Reached XP level 5. HP: 38/38 MP: 7/7
  2240 | D:3      | Found a glowing silver altar of Zin.
  2297 | D:3      | Noticed Robin
  2413 | D:3      | Killed Robin
  3061 | D:4      | Noticed an ogre
  3065 | D:4      | Killed an ogre
  3065 | D:4      | Reached XP level 6. HP: 44/44 MP: 8/8
  3066 | D:4      | Noticed a phantom
  3095 | D:5      | Entered Level 5 of the Dungeon
  3306 | D:5      | Found Guptuiji's General Store.
  3340 | D:5      | HP: 2/44 [hound (3)]
  3685 | D:5      | Noticed an ogre
  3784 | D:5      | Noticed a slave
  3784 | D:5      | Noticed a slave
  3784 | D:5      | Noticed a slave
  3784 | D:5      | Noticed Pikel
  3786 | D:5      | Noticed a slave
  3840 | D:6      | Slain by a slave

Skill      XL: |  1  2  3  4  5  6 |
---------------+-------------------+-----
Armour         | 1 2 |  2.6
Polearms       | 1 |  1.0
Fighting       | 2 |  2.4
Short Blades   | 2 3 |  3.2
Stealth        | 2 |  2.5
Dodging        | 3 |  3.0
Evocations     | |  3.6

Action                   |  1- 3 |  4- 6 || total
-------------------------+-------+-------++-------
Melee: Short sword       |    93 |   220 ||   313
       Glaive            |    11 |       ||    11
Evoke: Wand              |       |    29 ||    29
  Use: Potion            |       |     5 ||     5
 Stab: Sleeping          |       |     2 ||     2
       Distracted        |       |     1 ||     1
       Confused          |       |     2 ||     2
  Eat: Chunk             |       |     4 ||     4
       Ration            |       |     2 ||     2
Armor: Leather armour    |    20 |    64 ||    84
       Skin              |       |    13 ||    13
Dodge: Dodged            |    65 |   221 ||   286
